 Dungeon Crawl Stone Soup version 0.28-a0-1312-g71652a0310 (webtiles) character file.

Game seed: 2092039563359764781

118 tilp the Cudgeller (level 4, -4/38 HPs)
             Began as a Draconian Cinder Acolyte on Dec 27, 2021.
             Was a High Priest of Ignis.
             Succumbed to Ijyb's poison
             ... on level 3 of the Dungeon.
             The game lasted 00:02:53 (2171 turns).

tilp the Cudgeller (Draconian Cinder Acolyte)       Turns: 2171, Time: 00:02:53

Health: -4/38      AC:  9    Str: 16    XL:     4   Next: 72%
Magic:  0/5        EV: 11    Int: 16    God:    Ignis [*****.]
Gold:   94         SH:  0    Dex:  7    Spells: 3/5 levels left

rFire   + . .      SeeInvis .   a - -1 mace (flame)
rCold   . . .      Faith    .   (no shield)
rNeg    . . .      Spirit   .   (armour unavailable)
rPois   .          Reflect  .   (helmet restricted)
rElec   .          Harm     .   (no cloak)
rCorr   .          Rampage  .   (no gloves)
Will    .....                   (no boots)
Stlth   +.........              (no amulet)
HPRegen 0.12/turn               c - +4 ring of protection
MPRegen 0.09/turn               (no ring)

@: lethally poisoned (-4 -> -30)
A: AC +5, unfitting armour, cold-blooded
a: Renounce Religion, Fiery Armour, Foxfire Swarm, Rising Flame


You were on level 3 of the Dungeon.
You worshipped Ignis.
Ignis was extremely pleased with you.
You visited 1 branch of the dungeon, and saw 3 of its levels.

You collected 154 gold pieces.
You spent 60 gold pieces at shops.

Inventory:

Hand Weapons
 a - a -1 mace of flaming (weapon)
 b - a +0 morningstar
Missiles
 f - 13 poisoned darts (quivered)
Jewellery
 c - a +4 ring of protection (left hand)
Scrolls
 d - a scroll of identify
 e - a scroll of teleportation
 g - a scroll of vulnerability {unknown}


   Skills:
 - Level 3.2 Fighting
 * Level 4.6 Maces & Flails
 * Level 1.9 Dodging
 + Level 1.3 Stealth
 - Level 1.0 Spellcasting
 - Level 3.0 Fire Magic


You had 3 spell levels left.
You knew the following spells:

 Your Spells              Type           Power      Damage    Failure   Level
a - Scorch                Fire           20%        2d6       10%         2

Your spell library contained the following spells:

 Spells                   Type           Power      Damage    Failure   Level


Dungeon Overview and Level Annotations

Branches:
Dungeon (3/15)

Altars:

Shops:
D:3 ?

Annotations:
D:3 Ijyb


Innate Abilities, Weirdness & Mutations

Your plain brown scales are hard. (AC +5)
You cannot fit into any form of body armour.
You are cold-blooded and may be slowed by cold attacks.


Message History

You are poisoned.
A hobgoblin comes into view.
You closely miss Ijyb.
Your tail-slap misses Ijyb.
Ijyb is lightly wounded.
You feel very sick.
Ijyb hits you with a +6 dagger of venom.
You hit Ijyb. You burn Ijyb.
Ijyb is heavily wounded.
You feel sick.
Ijyb zaps a wand.
You resist with some effort.
You barely miss Ijyb.
Ijyb is heavily wounded.
You feel sick.
Ijyb is no longer more vulnerable to fire.
Ijyb completely misses you.
You closely miss Ijyb.
Ijyb is heavily wounded.
You feel sick.
Ijyb zaps a wand.
You resist with some effort.
Ijyb hits you with a +6 dagger of venom.
You are more poisoned.
Unknown command.
You hit Ijyb. You burn Ijyb.
Ijyb is severely wounded.
* * * LOW HITPOINT WARNING * * *
You feel very sick. Ijyb closely misses you.
Casting: Scorch (safe; 10% risk of failure)
Confirm with . or Enter, or press ? or * to list all spells.
Flames lash the hobgoblin.
You kill the hobgoblin!
* * * LOW HITPOINT WARNING * * *
You feel sick.
Ijyb hits you with a +6 dagger of venom!
* * * LOW HITPOINT WARNING * * *
You are more poisoned.
Unknown command.
Unknown command.
You aren't carrying any potions.
You barely miss Ijyb.
Ijyb is severely wounded.
You die...

#.#######..##.
#######..........#..
..............##..##
#######.......##....
#..........###
#............#
#........#...#
#..########........#....
....(Sg@.†...........#..
#..#######......!.....).
#.####.##.#.### #.# .#
#.... #.# # ##### #.#
#.# #### #.# .... .###


You could see Ijyb and an adder.

Vanquished Creatures
  An orc priest (D:3)
  Natasha (D:3)
  An adder (D:2)
  2 dart slugs (D:1)
  5 orcs (D:3)
  4 endoplasms
  A giant cockroach (D:3)
  6 hobgoblins
  3 quokkas
  A ball python (D:1)
  4 bats
  4 frilled lizards
  3 goblins
  6 kobolds
  6 rats
48 creatures vanquished.

Notes
Turn   | Place    | Note
-------+----------+-------------------------------------------
     0 | D:1      | tilp the Draconian Cinder Acolyte began the quest for the
                  | Orb.
     0 | D:1      | Reached XP level 1. HP: 19/19 MP: 2/2
   260 | D:1      | Reached XP level 2. HP: 16/26 MP: 3/3
   265 | D:1      | Learned a level 2 spell: Scorch
   656 | D:1      | Reached skill level 4 in Maces & Flails
  1117 | D:1      | Reached XP level 3. HP: 31/31 MP: 1/4
  1647 | D:2      | Found a faded altar of an unknown god.
  1651 | D:2      | Found Ojipn's Armour Boutique.
  1657 | D:2      | Reached skill level 1 in Dodging
  1803 | D:3      | Found Vyegoen's Magic Scroll Emporium.
  1858 | D:3      | Bought a scroll of identify for 24 gold pieces
  1858 | D:3      | Bought a scroll of teleportation for 36 gold pieces
  1954 | D:3      | Reached skill level 1 in Stealth
  1954 | D:3      | Reached XP level 4. HP: 22/38 MP: 0/5
  2152 | D:3      | Noticed Natasha
  2158 | D:3      | Killed Natasha
  2160 | D:3      | Noticed Ijyb
  2171 | D:3      | Succumbed to Ijyb's poison

Illustrated notes

Levels and vault maps discovered:
D:1:      dpeg_arrival_shrine, layout_loops_ring, chequers_hall_statues_y
D:2:      layout_rooms, basic_ecumenical_altar, serial_shops, shop
D:3:      layout_loops_ring, mainiacjoe_overflow_concentric_impassable,
          lemuel_coloured_pillars_altar, serial_shops, shop_coins,
          minmay_pentomino_pile, uniq_jessica, uniq_ijyb, uniq_natasha

Skill      XL: |  1  2  3 |
---------------+----------+-----
Maces & Flails | 4 |  4.6
Dodging        | 1 |  1.9
Stealth        | 1 |  1.3
Fighting       | |  3.2
Spellcasting   | |  1.0
Fire Magic     | |  3.0

Action                   |  1- 3 |  4- 6 || total
-------------------------+-------+-------++-------
Melee: Mace              |   101 |    10 ||   111
       Tailslap          |     4 |       ||     4
 Cast: Scorch            |    20 |     3 ||    23
  Use: Scroll            |     4 |       ||     4
Armor: Skin              |    48 |     1 ||    49
Dodge: Dodged            |    65 |     5 ||    70

Table legend: (Time is in decaauts)
 A = Elapsed time spent in this place.
 B = Non-inter-level travel time spent in this place.
 C = Inter-level travel time spent in this place.
 D = Time resting spent in this place.
 E = Time spent auto-exploring this place.
 F = Levels seen in this place.
 G = Mean time per level.
                   A        B        C        D        E       F      G
               +--------+--------+--------+--------+--------+-----+--------+
         Total |   2194 |   2135 |     59 |     22 |   1781 |   3 |  731.3 |
       Dungeon |   2194 |   2135 |     59 |     22 |   1781 |   3 |  731.3 |
               +--------+--------+--------+--------+--------+-----+--------+

Top non-repeatable levels by time:
     D:1: 1285 daAuts
     D:2: 532 daAuts
     D:3: 376 daAuts
